 Dungeon Crawl Stone Soup version 0.29.1-2-gbd0b4ee654 (webtiles) character file.

Game seed: 3297295213455794558

88 McKennaii the Trooper (level 4, -9/38 HPs)
             Began as a Demigod Fighter on Nov 8, 2022.
             Killed by divine providence
             ... invoked by an orc priest
              (15 damage)
             ... on level 3 of the Dungeon.
             The game lasted 00:01:24 (1817 turns).

McKennaii the Trooper (Demigod Fighter)             Turns: 1817, Time: 00:01:24

Health: -9/38      AC:  8    Str: 21    XL:     4   Next: 9%
Magic:  6/6        EV:  9    Int: 10    God:
Gold:   158        SH:  4    Dex: 13    Spells: 3/3 levels left

rFire   . . .      SeeInvis .   a - +0 trident
rCold   . . .      Faith    .   c - +0 buckler
rNeg    . . .      Spirit   .   b - +0 scale mail
rPois   .          Reflect  .   m - +0 helmet
rElec   .          Harm     .   (no cloak)
rCorr   .          Rampage  .   (no gloves)
Will    .....                   (no boots)
Stlth   ..........              (no amulet)
HPRegen 0.12/turn               (no ring)
MPRegen 0.10/turn               (no ring)

@: no status effects
A: high MP 1, forlorn, divine attributes
a: no special abilities


You were on level 3 of the Dungeon.
You visited 1 branch of the dungeon, and saw 3 of its levels.

You collected 158 gold pieces.

Inventory:

Hand Weapons
 a - a +0 trident (weapon)
Armour
 b - a +0 scale mail (worn)
 c - a +0 buckler (worn)
 m - a +0 helmet (worn)
Scrolls
 e - 2 scrolls of amnesia {unknown}
 g - 2 scrolls of identify {unknown}
 i - 2 scrolls of teleportation {unknown}
 k - a scroll of vulnerability {unknown}
 n - a scroll of torment {unknown}
 o - a scroll of magic mapping {unknown}
 p - a scroll of butterflies {unknown}
Potions
 d - a potion of might
 f - 3 potions of heal wounds {unknown}
 h - a potion of degeneration {unknown}
 j - a potion of magic {unknown}
 l - a potion of curing {unknown}


   Skills:
 + Level 3.3 Fighting
 + Level 2.5 Polearms
 + Level 3.2 Armour
 + Level 3.2 Shields


You had 3 spell levels left.
You didn't know any spells.
Your spell library was empty.

Dungeon Overview and Level Annotations

Branches:
Dungeon (3/15)


Innate Abilities, Weirdness & Mutations

You have an increased reservoir of magic. (+10% MP)
You shall have no god before yourself.
Your divine heritage dramatically boosts your attributes as you level up.


Message History

You hit the orc priest but do no damage.
The orc priest calls down the wrath of Beogh upon you.
Beogh smites you!
The orc priest mumbles some strange prayers to Beogh against you.
Pain shoots through your body!
* * * LOW HITPOINT WARNING * * *
You closely miss the orc priest.
The orc priest hits you but does no damage.
You hit the orc priest.
The orc priest is moderately wounded.
The orc priest hits you but does no damage.
You barely miss the orc priest.
The orc priest is moderately wounded.
The orc priest closely misses you.
You closely miss the orc priest.
The orc priest is moderately wounded.
The orc priest hits you but does no damage. x2
You hit the orc priest but do no damage.
The orc priest is moderately wounded.
The orc priest hits you but does no damage.
You barely miss the orc priest.
The orc priest is moderately wounded.
The orc priest casts a cantrip, but nothing happens.
You hit the orc priest.
The orc priest is severely wounded.
The orc priest hits you but does no damage.
You closely miss the orc priest.
The orc priest is severely wounded.
The orc priest invokes the aid of Beogh against you.
You barely resist. You barely miss the orc priest.
The orc priest is severely wounded.
The orc priest hits you but does no damage.
The orc priest hits you with a +0 war axe.
* * * LOW HITPOINT WARNING * * *
You hit the orc priest but do no damage.
The orc priest is severely wounded.
The orc priest mumbles some strange prayers to Beogh against you.
Beogh smites you!
You die...

########## #########
#........# #.......#
#.######>#####.#####.###
#.# #.........###.#.##
#.# #####............#
#.## ##...####.#.###
#..# ##.###.......# ##[#
#.###.#.#.#.# #.#
#..@o...#..... #.#
#+###)### #.#.# #.#
#)#####.# # #.###
#.......# #.#.##
....o..######.#
##....#### ......o
.........+ .......
##....#### .......
#.#.## .......


You could see an orc priest.

Vanquished Creatures
  2 adders
  5 dart slugs
  4 orcs (D:3)
  6 endoplasms
  2 giant cockroaches
  5 hobgoblins
  10 jackals
  6 bats
  2 frilled lizards
  5 goblins
  4 kobolds
  2 rats
53 creatures vanquished.

Notes
Turn   | Place    | Note
-------+----------+-------------------------------------------
     0 | D:1      | McKennaii the Demigod Fighter began the quest for the Orb.
     0 | D:1      | Reached XP level 1. HP: 18/18 MP: 3/3
   374 | D:1      | Reached XP level 2. HP: 25/25 MP: 4/4
   874 | D:1      | Reached XP level 3. HP: 31/31 MP: 5/5
  1374 | D:2      | Identified the +11 sling "Reme Ogi" {flame, Int+4}
  1794 | D:3      | Reached XP level 4. HP: 38/38 MP: 6/6
  1817 | D:3      | Killed from afar by an orc priest

Illustrated notes

Levels and vault maps discovered:
D:1:      heliophobic_arrival_ceremonial_halls, layout_rooms, serial_forest,
          infiniplex_forest_straight_2, infiniplex_forest_lined_2,
          infiniplex_forest_lined_3_way, infiniplex_forest_straight_2,
          infiniplex_forest_straight_4, infiniplex_forest_lined_room_2,
          ebering_ecumenical_altar_webs
D:2:      layout_basic, st_stairs_10, minivault_14
D:3:      layout_loops_corners, lemuel_round_altar

Skill      XL: |  1  2 |
---------------+-------+-----
Polearms       | 2 |  2.5
Fighting       | 3 |  3.3
Shields        | 3 |  3.2
Armour         | 3 |  3.2

Action                   |  1- 3 |  4- 6 || total
-------------------------+-------+-------++-------
Melee: Trident           |   156 |    22 ||   178
Armor: Scale mail        |    83 |    11 ||    94
Dodge: Dodged            |    75 |     7 ||    82
Block: Buckler           |    42 |     3 ||    45
